 Dungeon Crawl Stone Soup version 0.21.0-25-ge575cb9ce8 (webtiles) character file.

25 DildoBatman the Vexing (level 3, -6/28 HPs)
             Began as a Formicid Enchanter on Jan 24, 2018.
             Was an Initiate of Ashenzari.
             Killed from afar by Natasha (8 damage)
             ... with a magic dart
             ... on level 1 of the Dungeon.
             The game lasted 00:04:10 (1569 turns).

DildoBatman the Vexing (Formicid Enchanter)         Turns: 1569, Time: 00:04:10

Health: -6/28      AC:  5    Str: 13    XL:     3   Next: 20%
Magic:  0/6        EV: 10    Int: 14    God:    Ashenzari [......]
Gold:   79         SH:  0    Dex: 11    Spells: 2/6 levels left

rFire    . . .     SeeInvis +   a - +1 dagger
rCold    . . .     Gourm    .   (no shield)
rNeg     . . .     Faith    .   m - +0 ring mail
rPois    .         Spirit   .   (helmet unavailable)
rElec    .         Reflect  .   (no cloak)
rCorr    .         Harm     +   (no gloves)
MR       .....                  (no boots)
Stlth    ++........             n - amulet of harm
HPRegen  0.09/turn              (no ring)
MPRegen  0.10/turn              (no ring)

@: very slightly contaminated
A: permanent stasis, dig shafts and tunnels, four strong arms, antennae 3
a: Dig, Shaft Self, Curse Item, Renounce Religion


You were on level 1 of the Dungeon.
You worshipped Ashenzari.
Ashenzari was noncommittal.
You were hungry.

You visited 1 branch of the dungeon, and saw 2 of its levels.

You collected 79 gold pieces.

Inventory:

Hand Weapons
 a - a +1 dagger (weapon)
Armour
 m - a +0 ring mail (worn)
Jewellery
 n - an amulet of harm (around neck)
Scrolls
 g - 3 scrolls of identify {unknown}
 j - a scroll of random uselessness {unknown}
 k - 3 scrolls of remove curse
 l - a scroll of teleportation {unknown}
Potions
 e - a potion of flight {unknown}
 f - 2 potions of lignification {unknown}
 h - 5 potions of curing {unknown}
 i - 3 potions of heal wounds {unknown}
Books
 c - a book of Maledictions

   Spells                             Type                      Level
   a - Corona                         Hexes                        1
   b - Ensorcelled Hibernation        Hexes/Ice                    2
   c - Confuse                        Hexes                        3
   d - Tukima's Dance                 Hexes                        3
   e - Dazzling Spray                 Conjuration/Hexes            3
Comestibles
 d - 5 rations


   Skills:
 * Level 2.9 Fighting
 - Level 1.0 Short Blades
 - Level 1.7 Dodging
 - Level 3.6 Stealth
 - Level 2.1 Spellcasting
 - Level 3.6 Hexes


You had 2 spell levels left.
You knew the following spells:

 Your Spells              Type           Power        Failure   Level  Hunger
a - Corona                Hex            ##.....      12%         1    #......
b - Confuse               Hex            ##......     34%         3    ###....


Dungeon Overview and Level Annotations

Branches:
Dungeon (2/15)

Altars:
Ashenzari
Okawaru

Annotations:
D:1 Natasha


Innate Abilities, Weirdness & Mutations

You cannot be hasted, slowed, berserked, paralysed or teleported.
You can dig through walls and to a lower floor.
Your four strong arms can wield two-handed weapons with a shield.
You have a pair of large antennae on your head. (SInv)


Message History

Casting: Confuse
Confirm with . or Enter, or press ? or * to list all spells.
Aiming: Confuse
Press: ? - help, Shift-Dir - straight line, f/p - Natasha
Aim: Natasha (chance to defeat MR: 42%)
You miscast Confuse.
You are very lightly contaminated with residual magic.
Your skin tingles.
Natasha barely misses you.
You extend your mandibles.
You dig through the rock wall.
You retract your mandibles.
Natasha casts a spell at you. The magic dart hits you!
Natasha growls.
You extend your mandibles.
You dig through the rock wall.
Natasha casts a spell at you. The magic dart hits you!
You die...

P..♣♣♣P..♣♣♣..+......+.......)...
..P.....P.....#......##.#..##..#.
................####..(.#........
....P.P.PP....#....#....##.##..#.
P..♣♣♣P..♣♣♣P.#....#....#........
..P♣ ♣P..♣ ♣P.#....####.#.######.
P.P♣♣♣...♣♣♣P.#.....# #.#.###....
P..PP....P..........# #.#........
................@+#.# #.#####.###
P...PP....P.P...#h#.# #.# #.# #
P..♣♣♣...♣♣♣P...#.#.###.## #.# #
..P♣ ♣P..♣ ♣....#.#(.....# #.# #
P..♣♣♣...♣♣♣...>#.#......# #.# #
...P....P.....##..#......# #.# #
..............###.#.....)# #.# #
........PP..P.....#'###'#####.###
...♣♣♣P..♣♣♣..###.......#........


You could see Natasha.

Vanquished Creatures
  An ooze (D:2)
  2 dart slugs (D:1)
  A leopard gecko (D:1)
  A giant cockroach (D:2)
  A hobgoblin (D:1)
  A ball python (D:1)
  3 bats
  2 frilled lizards (D:1)
  A goblin (D:2)
  5 kobolds
  2 rats (D:1)
20 creatures vanquished.

Notes
Turn   | Place    | Note
-------+----------+-------------------------------------------
     0 | D:1      | DildoBatman the Formicid Enchanter began the quest for the Orb.
     0 | D:1      | Reached XP level 1. HP: 13/13 MP: 3/3
    52 | D:1      | Reached skill level 1 in Fighting
   245 | D:1      | Reached XP level 2. HP: 15/22 MP: 1/5
  1071 | D:2      | Found an iron altar of Okawaru.
  1118 | D:2      | Reached XP level 3. HP: 23/28 MP: 6/6
  1123 | D:2      | Learned a level 3 spell: Confuse
  1228 | D:2      | Noticed Natasha
  1427 | D:2      | Found a shattered altar of Ashenzari.
  1433 | D:2      | Became a worshipper of Ashenzari the Shackled
  1569 | D:1      | Killed from afar by Natasha

Skill      XL: |  1  2 |
---------------+-------+-----
Fighting       | 1 2 |  2.9
Short Blades   | |  1.0
Dodging        | |  1.7
Stealth        | |  3.6
Spellcasting   | |  2.1
Hexes          | |  3.6

Action                   || total
-------------------------++-------
Melee: Dagger            ||   102
 Cast: Corona            ||    14
       Confuse           ||     2
 Abil: Dig               ||     2
  Use: Scroll            ||     1
 Stab: Sleeping          ||     1
  Eat: Chunk             ||     2
Armor: Robe              ||     5
       Ring mail         ||    20
       Skin              ||    28
Dodge: Dodged            ||    53
